 Dungeon Crawl Stone Soup version 0.30-a0-913-g9934a0ce24 (webtiles) character file.

Game seed: 5953474276216412641

19 JumpingJurisdiction the Cudgeller (level 2, 0/25 HPs)
             Began as a Minotaur Gladiator on Mar 19, 2023.
             Slain by a worm (3 damage)
             ... on level 2 of the Dungeon.
             The game lasted 00:04:23 (437 turns).

JumpingJurisdiction the Cudgeller (MiGl)             Turns: 437, Time: 00:04:24

Health: 0/25       AC:  3    Str: 18    XL:     2   Next: 55%
Magic:  1/1        EV: 12    Int:  5    God:
Gold:   16         SH:  0    Dex: 11    Spells: 1/1 levels left

rFire   . . .      SeeInvis .    a - +0 flail
rCold   . . .      Faith    .    (no shield)
rNeg    . . .      Spirit   .    b - +0 leather armour
rPois   .          Reflect  .    c - +0 hat
rElec   .          Rampage  .    (no cloak)
rCorr   .                        (no gloves)
Will    .....                    (no boots)
Stlth   +                        (no amulet)
HPRegen 0.24/turn                (no ring)
MPRegen 0.07/turn                (no ring)

@: no status effects
A: horns 2, retaliatory headbutt
a: no special abilities


You were on level 2 of the Dungeon.
You visited 1 branch of the dungeon, and saw 2 of its levels.

You collected 16 gold pieces.

Inventory:

Hand Weapons
 a - a +0 flail (weapon)
Missiles
 d - 3 throwing nets (quivered)
 e - a javelin
Armour
 b - a +0 leather armour (worn)
 c - a +0 hat (worn)
Potions
 f - a potion of resistance {unknown}


   Skills:
 + Level 2.8 Fighting
 + Level 3.9 Maces & Flails
 + Level 2.3 Throwing
 + Level 3.6 Dodging


You had one spell level left.
You didn't know any spells.
Your spell library was empty.

Dungeon Overview and Level Annotations

Branches:
Dungeon (2/15)

Altars:

Annotations:
D:2 Terence


Innate Abilities, Weirdness & Mutations

You have a pair of horns on your head.
You reflexively headbutt those who attack you in melee.


Message History

The kobold throws a stone.
The stone hits you but does no damage.
The kobold throws a stone.
The stone misses you.
You hit the kobold.
You kill the kobold!
The endoplasm freezes you.
You are frozen.
Things that are here:
a +0 club; 4 stones; a kobold corpse You hit the endoplasm.
You headbutt the endoplasm.
The endoplasm is heavily wounded.
The endoplasm freezes you.
You are frozen.
You thump the endoplasm!
You kill the endoplasm!
Things that are here:
a +0 club; 4 stones; a kobold corpse Terence the Incautious comes into view.
He is wielding a +0 morningstar.
Terence shouts!
A bat comes into view.
A worm comes into view.
An endoplasm comes into view.
The endoplasm quivers.
A ball python comes into view.
A rat comes into view.
The endoplasm moves out of view.
A frilled lizard and an endoplasm come into view.
The frilled lizard hisses angrily.
The ball python hisses angrily.
The bat hits you but does no damage.
Terence says, "Time to say good-bye..."
The frilled lizard moves out of view.
The bat closely misses you. Terence barely misses you.
A frilled lizard comes into view.
The worm bites you.
Found a metallic golden potion.
The bat closely misses you. Terence hits you with a +0 morningstar!
* * * LOW HITPOINT WARNING * * *
The endoplasm quivers.
The bat closely misses you. Terence hits you with a +0 morningstar.
* * * LOW HITPOINT WARNING * * *
The ball python bites you but does no damage.
The ball python barely misses you. The worm bites you.
You die...

#....#.........#
#......).#
##..<..#.#
#######.#######
...............
..####....#...#
#....# .#
######w.@.#
#!.lrJS@.##
#...J#..b#
#....#...# #...
#..## #.## #..#
.. ..## .# ##


You could see Terence, a worm, 2 endoplasms, a bat, a ball python, a frilled
lizard and a rat.

Vanquished Creatures
  A dart slug (D:1)
  3 endoplasms
  2 goblins (D:1)
  A hobgoblin (D:1)
  A quokka (D:1)
  A ball python (D:1)
  2 bats (D:1)
  3 kobolds
  3 rats (D:1)
17 creatures vanquished.

Notes
Turn   | Place    | Note
-------+----------+-------------------------------------------
     0 | D:1      | JumpingJurisdiction the Minotaur Gladiator began the quest
                  | for the Orb.
     0 | D:1      | Reached XP level 1. HP: 18/18 MP: 0/0
   172 | D:1      | Reached XP level 2. HP: 5/25 MP: 1/1
   432 | D:2      | Noticed Terence
   437 | D:2      | Slain by a worm

Illustrated notes

Levels and vault maps discovered:
D:1:      matt_arrival_refuge, layout_basic
D:2:      minmay_recursive_quarters, layout_loops_cross, basic_altar,
          minivault_23, minmay_misc_feat_square, supply_closet_lemuel,
          minmay_pentomino_u4, uniq_terence

Action                     || total
---------------------------++-------
  Melee: Flail             ||    24
         Headbutt          ||     6
 Armour: Leather armour    ||    29
  Dodge: Dodged            ||    51

Table legend: (Time is in decaauts)
 A = Elapsed time spent in this place.
 B = Non-inter-level travel time spent in this place.
 C = Inter-level travel time spent in this place.
 D = Time resting spent in this place.
 E = Time spent auto-exploring this place.
 F = Levels seen in this place.
 G = Mean time per level.
                   A        B        C        D        E       F      G
               +--------+--------+--------+--------+--------+-----+--------+
         Total |    441 |    226 |    215 |     81 |      0 |   2 |  220.5 |
       Dungeon |    441 |    226 |    215 |     81 |      0 |   2 |  220.5 |
               +--------+--------+--------+--------+--------+-----+--------+

Top non-repeatable levels by time:
     D:1: 421 daAuts
     D:2: 20 daAuts
